 Dungeon Crawl Stone Soup version 0.29-a0-233-g1125b37a9b (console) character file.

Game seed: 123393957693375412

101 petzl the Vexing (level 5, -1/38 HPs)
             Began as a Formicid Arcane Marksman on Mar 1, 2022.
             Slain by a mummy (14 damage)
             ... in an ossuary.
             The game lasted 00:16:35 (3967 turns).

petzl the Vexing (Formicid Arcane Marksman)         Turns: 3967, Time: 00:16:36

Health: -1/38      AC:  5    Str: 15    XL:     5   Next: 4%
Magic:  6/8        EV: 11    Int: 14    God:
Gold:   76         SH:  0    Dex: 11    Spells: 5/8 levels left

rFire   . . .      SeeInvis +   a - +0 quarterstaff
rCold   . . .      Faith    .   (no shield)
rNeg    . . .      Spirit   .   j - +0 ring mail
rPois   .          Reflect  .   (helmet unavailable)
rElec   .          Harm     .   (no cloak)
rCorr   .          Rampage  .   (no gloves)
Will    .....                   (no boots)
Stlth   +.........              (no amulet)
HPRegen 0.12/turn               (no ring)
MPRegen 0.11/turn               (no ring)

@: no status effects
A: permanent stasis, dig shafts and tunnels, antennae 3, four strong arms
a: Dig


You were in an ossuary.
You visited 1 branch of the dungeon, and saw 5 of its levels.
You also visited: Ossuary.

You collected 136 gold pieces.
You spent 60 gold pieces at shops.

Inventory:

Hand Weapons
 a - a +0 quarterstaff (weapon)
 b - a +0 hand crossbow
 g - a +0 dagger {!f =f}
 t - a +0 long sword
 w - a +0 short sword
Missiles
 s - 90 stones (quivered)
Armour
 d - a +0 robe
 j - a +0 ring mail (worn)
 v - a +0 buckler
Jewellery
 h - a ring of ice
Scrolls
 e - a scroll of immolation {unknown}
 k - 2 scrolls of teleportation {unknown}
 l - a scroll of enchant armour {unknown}
 n - a scroll of fog {unknown}
 r - 6 scrolls of identify {unknown}
 x - a scroll of fear {unknown}
Potions
 c - a potion of brilliance {unknown}
 f - a potion of heal wounds {unknown}
 i - a potion of haste {unknown}
 m - a potion of might {unknown}
 o - 5 potions of curing
 p - a potion of flight {unknown}
 q - a potion of cancellation {unknown}
 u - a potion of lignification {unknown}


   Skills:
 - Level 1.6 Fighting
 - Level 0.7 Short Blades
 + Level 0.0 Staves
 - Level 2.3 Crossbows
 - Level 1.2 Armour
 - Level 2.2 Dodging
 - Level 1.4 Stealth
 + Level 2.1 Spellcasting
 - Level 3.6 Hexes
 + Level 0.8 Air Magic
 + Level 1.4 Poison Magic


You had 5 spell levels left.
You knew the following spells:

 Your Spells              Type           Power      Damage    Failure   Level
a - Slow                  Hex            44%        N/A       10%         1
b - Poisonous Vapours     Pois/Air       8%         N/A       38%         2

Your spell library contained the following spells:

 Spells                   Type           Power      Damage    Failure   Level
 Corpse Rot               Necr/Air       4%         N/A       50%         2
 Inner Flame              Hex/Fire       6%         N/A       54%         3
 Portal Projectile        Hex/Tloc       12%        N/A       54%         3
 Cause Fear               Hex            5%         N/A       69%         4


Dungeon Overview and Level Annotations

Branches:
Dungeon (5/15)            Ossuary (1/1)
 Temple: D:4-7

Altars:

Shops:
D:3 *![(!

Annotations:
D:2 exclusion: downstairs
D:3 Grinder
D:4 exclusion: upstairs, Blork the orc


Innate Abilities, Weirdness & Mutations

You cannot be hasted, slowed, berserked, paralysed or teleported.
You can dig through walls and to a lower floor.
You have a pair of large antennae on your head. (SInv)
Your four strong arms can wield two-handed weapons with a shield.


Message History

The gnoll skeleton hits you but does no damage.
You sock the gnoll skeleton!
You destroy the gnoll skeleton!
The mummy hits you but does no damage.
You hit the mummy but do no damage.
Throw: 92 stones
Press: ? - help, Q - select action, (/) - cycle Shift-Dir - straight line, f/p - mummy
Aim: a mummy (slow, 71% to hit)
You throw a stone. The stone barely misses the mummy.
You hit the mummy.
The mummy is moderately damaged.
The mummy is no longer moving slowly.
You hit the mummy but do no damage.
The mummy is moderately damaged.
The mummy barely misses you.
Throw: 91 stones
Press: ? - help, Q - select action, (/) - cycle Shift-Dir - straight line, f/p - mummy
Aim: a mummy (lightly damaged, 71% to hit)
You throw a stone.
The stone hits the mummy but does no damage.
The mummy is lightly damaged.
The mummy hits you!
You hit the mummy.
The mummy is moderately damaged.
Casting: Slow (safe; 10% risk of failure)
Confirm with . or Enter, or press ? or * to list all spells.
Aiming: Slow (safe; 10% risk of failure)
Press: ? - help, Shift-Dir - straight line, f/p - mummy
Aim: a mummy (moderately damaged, chance to affect: 50%)
The mummy resists with some effort.
The mummy hits you.
Casting: Slow (safe; 10% risk of failure)
Confirm with . or Enter, or press ? or * to list all spells.
Aiming: Slow (safe; 10% risk of failure)
Press: ? - help, Shift-Dir - straight line, f/p - mummy
Aim: a mummy (moderately damaged, chance to affect: 50%)
The mummy seems to slow down.
You hit the mummy.
The mummy is severely damaged.
The mummy hits you!
You die...

+...+ #...#
#.M.# #...#
#(..# #...#
#(..# #(..#
##'('##
##.....##
####.....@.####
#W▓...(.∩M..▓W#
####....(..####
##.....##
##...## ##▓##
#W# ###


You could see 2 wraiths and a mummy (slow).

Vanquished Creatures
  2 adders
  An ufetubus (D:4)
  A dart slug (D:1)
  7 endoplasms
  4 giant cockroaches
  6 goblins
  5 hobgoblins
  3 jackals
  9 kobolds
  2 quokkas
  9 ball pythons
  8 bats
  A frilled lizard (D:2)
  A gnoll skeleton (Ossuary)
  4 kobold skeletons (Ossuary)
  4 orc skeletons (Ossuary)
  5 rats
72 creatures vanquished.

Notes
Turn   | Place    | Note
-------+----------+-------------------------------------------
     0 | D:1      | petzl the Formicid Arcane Marksman began the quest for the
                  | Orb.
     0 | D:1      | Reached XP level 1. HP: 15/15 MP: 2/2
   269 | D:1      | Reached XP level 2. HP: 8/21 MP: 3/3
   971 | D:1      | Reached skill level 1 in Stealth
  1051 | D:1      | Reached XP level 3. HP: 23/26 MP: 2/5
  1123 | D:1      | Found a faded altar of an unknown god.
  1295 | D:1      | Reached skill level 1 in Armour
  1781 | D:3      | Found Fijam's Assorted Antiques.
  1808 | D:3      | Learned a level 2 spell: Poisonous Vapours
  1890 | D:3      | Reached XP level 4. HP: 17/33 MP: 3/6
  2270 | D:3      | Noticed Grinder
  2936 | D:2      | Reached skill level 1 in Poison Magic
  3187 | D:3      | Found Teniosky's Distillery.
  3191 | D:3      | Found Jompityu's Armour Emporium.
  3351 | D:5      | Entered Level 5 of the Dungeon
  3403 | D:3      | Found Fezeiff's Distillery.
  3406 | D:3      | Bought a potion of degeneration for 12 gold pieces
  3628 | D:4      | Noticed Blork the orc
  3655 | D:3      | Found Lanufasm's Weapon Emporium.
  3663 | D:3      | Bought a +0 quarterstaff for 48 gold pieces
  3886 | D:5      | Found a sand-covered staircase.
  3895 | Ossuary  | Entered an ossuary
  3895 | Ossuary  | Noticed a wraith
  3895 | Ossuary  | Noticed a wraith
  3895 | Ossuary  | Noticed a wraith
  3914 | Ossuary  | Reached XP level 5. HP: 37/38 MP: 8/8
  3967 | Ossuary  | Slain by a mummy

Illustrated notes

Levels and vault maps discovered:
D:1:      lemuel_arrival_river_ford, layout_rooms,
          chequers_ecumenical_altar_lobes
D:2:      minmay_evil_eye, layout_rooms, minmay_split_cup_large
D:3:      layout_loops_ring, serial_shops, shop, shop_fountains,
          nicolae_diamond_shop, shop, nicolae_shop_competitors_out_of_business,
          chequers_jeans, minivault_26, uniq_grinder
D:4:      layout_gridville, minmay_temple_entry_offerings, uniq_blork_the_orc
D:5:      layout_loops_ring, nicolae_ossuary_entry_monument
Ossuary:  ossuary_due_mausoleum

Skill      XL: |  1  2  3  4 |
---------------+-------------+-----
Stealth        | 1 |  1.4
Dodging        | 2 |  2.2
Armour         | 1 |  1.2
Poison Magic   | 1 |  1.4
Spellcasting   | 2 |  2.1
Fighting       | |  1.6
Short Blades   | |  0.7
Crossbows      | |  2.3
Hexes          | |  3.6
Air Magic      | |  0.8

Action                   |  1- 3 |  4- 6 || total
-------------------------+-------+-------++-------
Melee: Dagger            |   177 |   125 ||   302
       Long sword        |    15 |       ||    15
       Punch             |     1 |     3 ||     4
       Short sword       |       |    76 ||    76
       Quarterstaff      |       |    31 ||    31
Throw: Stone             |       |    12 ||    12
 Cast: Slow              |     8 |    43 ||    51
Armor: Ring mail         |    65 |   112 ||   177
       Robe              |     3 |       ||     3
Dodge: Dodged            |   113 |   154 ||   267

Table legend: (Time is in decaauts)
 A = Elapsed time spent in this place.
 B = Non-inter-level travel time spent in this place.
 C = Inter-level travel time spent in this place.
 D = Time resting spent in this place.
 E = Time spent auto-exploring this place.
 F = Levels seen in this place.
 G = Mean time per level.
                   A        B        C        D        E       F      G
               +--------+--------+--------+--------+--------+-----+--------+
         Total |   3989 |   3958 |     31 |   1242 |   1046 |   6 |  664.8 |
       Dungeon |   3907 |   3876 |     31 |   1242 |   1046 |   5 |  781.4 |
       Ossuary |     81 |     81 |      0 |      0 |      0 |   1 |   81.0 |
               +--------+--------+--------+--------+--------+-----+--------+

Top non-repeatable levels by time:
     D:1: 1511 daAuts
     D:2: 1443 daAuts
     D:3: 423 daAuts
     D:4: 372 daAuts
     D:5: 157 daAuts
 Ossuary: 81 daAuts
